 Dungeon Crawl Stone Soup version 0.30.1-10-g1249ef9ec4 (webtiles) character file.

Game seed: 2720501109441223165

109696 rakiston the Warrior (level 16, -22/157 HPs)
             Began as a Minotaur Berserker on Oct 18, 2023.
             Was the Champion of Trog.
             Killed from afar by a merfolk aquamancer (34 damage)
             ... with a torrent of water
             ... on level 4 of the Shoals on Oct 27, 2023.
             The game lasted 03:05:18 (21377 turns).

rakiston the Warrior (Minotaur Berserker)          Turns: 21377, Time: 03:05:22

Health: -22/157    AC: 22    Str: 35      XL:     16   Next: 5%
Magic:  15/15      EV: 26    Int:  8      God:    Trog [******]
Gold:   2889       SH:  8    Dex:  8 (9)  Spells: 15/15 levels left

rFire   x . .        b - +3 war axe (flame)
rCold   + . .        m - +0 buckler {reflect}
rNeg    + . .        i - +2 chain mail {rC+}
rPois   .            (helmet restricted)
rElec   .            w - +0 cloak
rCorr   .            D - +2 pair of gloves "Purut" {rC+ rN+}
SInv    .            o - +1 pair of boots
Will    +++..        H - amulet of Beappad {Acrobat rC- Will++ Regen+ Slay+3} Stlth
                     U - ring of flight
HPRegen 1.26/turn    z - +6 ring of strength
MPRegen 0.14/turn

%: reflection, acrobat
@: acrobatic, flying, studying Evocations
A: horns 2, retaliatory headbutt, clever 1, deterioration 1, heat vulnerability
1
a: Renounce Religion, Berserk, Trog's Hand, Brothers in Arms


You were on level 4 of the Shoals.
You worshipped Trog.
Trog was exalted by your worship.
You visited 4 branches of the dungeon, and saw 23 of its levels.
You also visited: Ossuary.

You collected 3626 gold pieces.
You spent 737 gold pieces at shops.

Inventory:

Hand Weapons
 b - a +3 war axe of flaming (weapon)
 p - the +1 longbow of Bread {antimagic, rElec rC- rN+}
   (You found it on level 1 of the Shoals)

   rC:        It makes you vulnerable to cold.
   rElec:     It insulates you from electricity.
   rN:        It protects you from negative energy.
 u - the +16 obsidian axe {drain, demonic, Mesm Drain Fly SInv}
   (Trog gifted it to you on level 12 of the Dungeon)

   Mesm:      Its wielder is mesmerised by any visible foes, and it cannot be
   unequipped while any foes are visible.
   SInv:      It lets you see invisible.
   Fly:       It grants you flight.
   Drain:     It drains your maximum health when unequipped.
 F - the +7 executioner's axe "Odeid" {heavy, Contam Will+ Dex+4}
   (Trog gifted it to you on level 2 of the Orcish Mines)

   Dex:       It affects your dexterity (+4).
   Contam:    It causes magical contamination when unequipped.
   Will:      It increases your willpower.
 M - the +5 rapier of the Beast {heavy, *Noise +Blink Dex+2}
   (Trog gifted it to you on level 2 of the Shoals)

   Dex:       It affects your dexterity (+2).
   +Blink:    It lets you blink.
   *Noise:    It may make noises in combat.
Missiles
 f - 2 silver boomerangs
 R - 19 boomerangs (quivered)
 X - 15 poisoned darts
Armour
 i - a +2 chain mail of cold resistance (worn)
 m - a +0 buckler of reflection (worn)
 o - a +1 pair of boots (worn)
 t - a +1 kite shield of protection
 v - a +9 crystal plate armour of ponderousness
 w - a +0 cloak (worn)
 D - the +2 pair of gloves "Purut" (worn) {rC+ rN+}
   (You acquired it in an ossuary)

   rC:        It protects you from cold.
   rN:        It protects you from negative energy.
 K - the +3 ring mail of Inaction {Harm Str+2 Int+7 Dex-4}
   (You found it on level 4 of the Dungeon)

   Str:       It affects your strength (+2).
   Int:       It affects your intelligence (+7).
   Dex:       It affects your dexterity (-4).
   Harm:      It increases damage dealt and taken.
Jewellery
 q - a ring of ice
 r - a ring of fire
 z - a +6 ring of strength (right hand)
 H - the amulet of Beappad (around neck) {Acrobat rC- Will++ Regen+ Slay+3}
   (You acquired it on level 4 of the Dungeon)

   [amulet of the acrobat]

   It increases your evasion while moving and waiting.
   Slay:      It affects your accuracy & damage with ranged weapons and melee
   (+3).
   rC:        It makes you vulnerable to cold.
   Regen:     It increases your rate of health regeneration.
   Will:      It greatly increases your willpower.
 O - a ring of resist corrosion
 U - a ring of flight (left hand)
 W - a +4 ring of slaying
 Z - an amulet of magic regeneration
Wands
 g - a wand of mindburst (11)
 G - a wand of charming (27)
 I - a wand of flame (40)
 J - a wand of polymorph (9)
 L - a wand of light (12)
 S - a wand of iceblast (7)
Scrolls
 e - 12 scrolls of teleportation
 j - 6 scrolls of summoning
 l - 3 scrolls of magic mapping
 n - 3 scrolls of immolation
 s - 6 scrolls of blinking
 x - 5 scrolls of fog
 y - 6 scrolls of amnesia
 A - 5 scrolls of enchant armour
 N - 4 scrolls of enchant weapon
 Q - a scroll of brand weapon
 T - 3 scrolls of silence
 V - 2 scrolls of poison
 Y - 10 scrolls of identify
Potions
 a - 4 potions of lignification
 c - 5 potions of curing
 d - 8 potions of flight
 h - 3 potions of mutation
 k - 3 potions of might
 B - 4 potions of attraction
 E - a potion of cancellation
 P - a potion of resistance


   Skills:
 - Level 18.1 Fighting
 - Level 16.7 Axes
 - Level 13.4 Armour
 + Level 5.2 Dodging
 - Level 0.7 Stealth
 - Level 18.0 Shields
 * Level 9.8 Evocations


You had 15 spell levels left.
You didn't know any spells.
Your spell library was empty.

Dungeon Overview and Level Annotations

Branches:
Dungeon (12/15)            Temple (0/1) D:4            Lair (5/5) D:9
 Shoals (4/4) Lair:2        Snake (0/4) Lair:3        Slime (0/5) Lair:5
    Orc (2/2) D:12            Elf (0/3) Orc:2       Ossuary (visited)

Altars:
Ashenzari
Elyvilon
Fedhas
Hepliaklqana
Makhleb
Qazlal
Ru
Sif Muna
Uskayaw
Vehumet
Yredelemnul
The Shining One
Jiyva

Shops:
D:3 !   D:7 *   D:10 *   Orc:2 ??[:*

Portals:
Hell: Lair:5
Pandemonium: Orc:2

Annotations:
D:11 1 runed translucent door
Lair:4 exclusion: 2 oklob plants
Shoals:1 2 transporters, Yxtoz's ghost, journeyman DrBe
Shoals:4 Mara


Innate Abilities, Weirdness & Mutations

You have a pair of horns on your head.
You reflexively headbutt those who attack you in melee.
Your mind is acute. (Int +4, Str/Dex -1)
Your body sometimes deteriorates upon taking damage.
You are vulnerable to heat. (rF-)


Message History

The merfolk aquamancer gestures at you while chanting.
The shard of ice hits you!! You partially resist.
The merfolk javelineer throws a javelin.
The javelin pierces through you. You block the merfolk impaler's attack.
You feel sick.
Your troll misses the merfolk impaler.
Your troll closely misses the merfolk impaler.
Your troll barely misses the merfolk impaler.
The merfolk javelineer throws a javelin.
The javelin pierces through your troll!
The javelin barely misses the merfolk aquamancer.
The javelin barely misses you.
The merfolk impaler completely misses you.
Your troll closely misses the merfolk impaler. x2
Your troll completely misses the merfolk impaler.
The merfolk javelineer throws a silver javelin.
The silver javelin pierces through your troll!
The silver javelin pierces through you!
* * * LOW HITPOINT WARNING * * *
The silver sears you!
* * * LOW HITPOINT WARNING * * *
You block the merfolk aquamancer's attack.
You feel better.
The frost giant hits your troll with a +0 battleaxe of freezing!!!
The frost giant freezes your troll.
Your troll dies!
Your troll's corpse disappears in a puff of smoke!
The merfolk impaler barely misses you. The merfolk impaler closely misses you.
The merfolk javelineer throws a javelin.
The javelin pierces through you!!
* * * LOW HITPOINT WARNING * * *
Your body deteriorates!
You feel clumsy.
The merfolk aquamancer hits you but does no damage.
The merfolk javelineer throws a silver javelin.
The silver javelin pierces through you!
* * * LOW HITPOINT WARNING * * *
The silver sears you!
* * * LOW HITPOINT WARNING * * *
The merfolk aquamancer points at you and mumbles some strange words.
The torrent of water hits you!!
You die...

~~~~~~~P~P~~~~# #.#
.~~~.~~~~P~~~## ~~≈.
...~~~...~~~~~~#~~#
...~~~....~~~~~m##
..~.#......~~~m~~#~#
...........Ct~~~~~~~~
..........mmm~~~~~~~~
~~~~~.....~~~m~~~~~~~
...~.....@~m~~~~~≈≈~~
...~~..<.~~~~~≈≈≈≈≈≈≈
~~~~~...~~~~~≈≈≈≈≈≈≈≈
~~~~~..~††.~†≈≈≈≈≈≈≈≈
~~~~~~~~.###~≈≈≈≈≈≈≈
≈≈~~~~~~.. #~~≈≈≈≈≈≈
≈≈≈~~~~~~...~~≈≈≈≈≈≈
≈≈≈≈≈≈~~~~.~~~≈≈≈≈≈≈
≈≈≈≈≈≈≈~~~~~~≈≈≈≈≈≈≈


You could see a frost giant, 2 merfolk impalers, 3 merfolk javelineers, a
merfolk aquamancer, a snapping turtle and a merfolk.

Vanquished Creatures
  A titan (Shoals:1)
  Aizul (Shoals:2)
  An orc warlord (Orc:2)
  3 merfolk impalers (Shoals:3)
  6 hydras
  2 centaur warriors
  A merfolk avatar (Shoals:3)
  4 boulder beetles
  2 demonspawn (Orc:2)
  3 two-headed ogres
  A satyr (Shoals:3)
  6 orc high priests
  4 skysharks
  A sixfirhy (Lair:5)
  12 sea snakes
  A wizard (Lair:5)
  4 harpies (Shoals:4)
  3 deep elf zephyrmancers (Orc:1)
  3 spectral merfolk (Shoals:3)
  4 orc knights (Orc:2)
  2 deep elf pyromancers (Orc:1)
  9 fauns
  9 orc sorcerers
  6 manticores
  An ugly thing (D:12)
  4 cyclopes
  7 merfolk sirens
  A torpor snail (Lair:1)
  3 slime creatures (D:12)
  15 elephants
  5 water nymphs
  Joseph (D:9)
  A rust devil (Orc:2)
  4 black mambas
  2 orange demons (Lair:5)
  A guardian serpent (shapeshifter) (D:12)
  2 smoke demons (Orc:2)
  A gargoyle (D:12)
  8 cane toads
  A spectral sea snake (Shoals:3)
  5 rime drakes (Lair:5)
  2 kobold demonologists (D:12)
  An unseen horror (D:12)
  10 komodo dragons
  An ice devil (Lair:5)
  5 polar bears
  A red devil (Lair:5)
  12 merfolk
  9 trolls
  2 hornets
  Prince Ribbit (D:5)
  7 dream sheep
  6 wind drakes
  12 blink frogs
  3 snapping turtles
  2 shadows (D:12)
  A wyvern (Lair:4)
  Sigmund (D:3)
  A spectral wind drake (Shoals:3)
  5 water elementals
  3 wraiths
  2 vampires
  63 yaks
  2 basilisks
  12 vampire mosquitoes
  A warg (Orc:2)
  2 steam dragons
  2 acid dragons
  6 nagas (Lair:3)
  A spectral snapping turtle (Shoals:3)
  19 water moccasins
  Duvessa (D:4)
  4 hell hounds (Lair:5)
  39 orc warriors
  3 sky beasts
  3 black bears
  4 ogres
  28 wolves
  3 centaurs
  A kobold brigand (D:12)
  12 bullfrogs
  2 gnoll sergeants (D:10)
  3 scorpions
  9 wights (D:9)
  Dowan (D:4)
  5 killer bees (D:7)
  3 howler monkeys
  3 electric eels
  2 gnoll boudas (D:10)
  21 orc priests
  5 hounds
  8 jellies
  3 sleepcaps
  Jessica (D:3)
  Terence (D:2)
  21 orc wizards
  5 iguanas
  2 mummies
  10 gnolls (D:10)
  6 adders
  A shadow imp (D:7)
  A white imp (D:3)
  An ufetubus (D:4)
  A worm (D:4)
  A dart slug (D:1)
  75 orcs
  3 spectral bats (Ossuary)
  4 ball pythons
  7 endoplasms
  2 giant cockroaches
  12 gnoll zombies (Ossuary)
  5 goblins
  4 hobgoblins
  10 jackals
  7 quokkas
  6 bats
  3 bat simulacra (Ossuary)
  A frilled lizard (D:3)
  2 goblin simulacra (Ossuary)
  3 goblin zombies (Ossuary)
  5 hobgoblin zombies
  5 kobolds
  5 kobold simulacra (Ossuary)
  6 kobold zombies (Ossuary)
  6 orc zombies
  8 rats
  4 rat simulacra (Ossuary)
  5 spectral goblins (Ossuary)
  3 spectral kobolds (Ossuary)
751 creatures vanquished.

Vanquished Creatures (collateral kills)
  Louise (Shoals:1)
  A deep elf pyromancer (Orc:1)
  2 deep elf zephyrmancers (Orc:1)
  A smoke demon (Lair:5)
  An orange demon (Lair:5)
  2 orc warriors (Orc:1)
  An orc priest (Orc:1)
  An orc wizard (Orc:1)
  An orc (Orc:1)
11 creatures vanquished.

Vanquished Creatures (others)
  A deep elf zephyrmancer (Orc:1)
  An orc (Orc:1)
  4 tentacles (Shoals:3)
6 creatures vanquished.

Grand Total: 768 creatures vanquished

Notes
Turn   | Place    | Note
-------+----------+-------------------------------------------
     0 | D:1      | rakiston the Minotaur Berserker began the quest for the
                  | Orb.
     0 | D:1      | Reached XP level 1. HP: 19/19 MP: 0/0
   323 | D:1      | Reached XP level 2. HP: 27/27 MP: 1/1
   544 | D:1      | Reached ** piety under Trog
   834 | D:2      | Reached XP level 3. HP: 34/34 MP: 2/2
  1094 | D:2      | Noticed Terence
  1110 | D:2      | Killed Terence
  1218 | D:2      | Reached XP level 4. HP: 41/41 MP: 3/3
  1457 | D:3      | Noticed Sigmund
  1490 | D:3      | Noticed Jessica
  1557 | D:3      | Killed Jessica
  1558 | D:3      | Reached skill level 5 in Fighting
  1558 | D:3      | Reached skill level 5 in Axes
  1672 | D:3      | Found Bilin's Distillery.
  1680 | D:3      | Bought a potion of might for 52 gold pieces
  1680 | D:3      | Bought a potion of flight for 39 gold pieces
  1855 | D:3      | Killed Sigmund
  1856 | D:3      | Reached XP level 5. HP: 50/50 MP: 4/4
  1856 | D:3      | Reached XP level 6. HP: 57/57 MP: 5/5
  2227 | D:4      | Found a staircase to the Ecumenical Temple.
  2263 | D:4      | Found a sand-covered staircase.
  2269 | Ossuary  | Entered an ossuary
  2319 | Ossuary  | Reached *** piety under Trog
  2547 | Ossuary  | Reached **** piety under Trog
  2643 | Ossuary  | Identified 3 scrolls of acquirement
  2643 | Ossuary  | Acquired a +0 buckler of reflection
  2654 | Ossuary  | Acquired the +2 pair of gloves "Purut" {rC+ rN+}
  2662 | Ossuary  | Gained mutation: Your mind is acute. (Int +4, Str/Dex -1)
                  | [potion of mutation]
  2662 | Ossuary  | Gained mutation: You are vulnerable to heat. (rF-) [potion
                  | of mutation]
  2775 | D:4      | Reached XP level 7. HP: 63/63 MP: 6/6
  2842 | D:4      | Noticed Duvessa
  2842 | D:4      | Noticed Dowan
  2849 | D:4      | Killed Dowan
  2854 | D:4      | Killed Duvessa
  3175 | D:4      | Acquired the amulet of Beappad {Acrobat rC- Will++ Regen+
                  | Slay+3}
  3354 | D:4      | Identified the +3 ring mail of Inaction {Harm Str+2 Int+7
                  | Dex-4}
  3737 | D:5      | Entered Level 5 of the Dungeon
  3740 | D:5      | Reached XP level 8. HP: 69/73 MP: 7/7
  3821 | D:5      | Reached skill level 1 in Evocations
  3870 | D:5      | Found a basalt altar of Yredelemnul.
  3874 | D:5      | Noticed Prince Ribbit
  3884 | D:5      | Killed Prince Ribbit
  3885 | D:5      | Reached skill level 10 in Axes
  4413 | D:5      | Acquired 808 gold pieces
  4758 | D:6      | Reached ***** piety under Trog
  5406 | D:6      | Found a hide-covered altar of Uskayaw.
  5538 | D:7      | Found Unkulunn's General Store.
  5557 | D:7      | Bought a scroll of identify for 22 gold pieces
  5773 | D:7      | Reached XP level 9. HP: 81/81 MP: 8/8
  6389 | D:8      | You fall into a shaft and drop 3 floors!
  6393 | D:10     | Entered Level 10 of the Dungeon
  6416 | D:10     | Reached XP level 10. HP: 87/91 MP: 9/9
  6434 | D:10     | Reached skill level 5 in Evocations
  6554 | D:10     | Reached skill level 10 in Fighting
  6739 | D:9      | Received a gift from Trog
  6780 | D:8      | Reached skill level 15 in Axes
  6790 | D:8      | Found a broken altar of Ashenzari.
  6854 | D:8      | Found a blossoming altar of Fedhas.
  7080 | D:8      | Found a white marble altar of Elyvilon.
  7158 | D:8      | Acquired a ring of flight
  7421 | D:9      | Found a staircase to the Lair.
  7570 | D:9      | Found a shimmering blue altar of Sif Muna.
  7832 | D:9      | Noticed Joseph
  7844 | D:9      | Killed Joseph
  7878 | D:9      | Reached XP level 11. HP: 102/102 MP: 10/10
  7956 | D:9      | Found a glowing golden altar of the Shining One.
  7956 | D:9      | Found a stormy altar of Qazlal.
  8611 | D:10     | Found Ekhitarr's Fire Supplies.
  8817 | D:10     | Found a radiant altar of Vehumet.
  8818 | D:10     | Found a sacrificial altar of Ru.
  8818 | D:10     | Found a hazy altar of Hepliaklqana.
  9135 | Lair:1   | Entered Level 1 of the Lair of Beasts
  9173 | Lair:1   | Noticed a boulder beetle
  9189 | Lair:1   | Killed a boulder beetle
  9438 | Lair:1   | Reached skill level 5 in Armour
  9862 | Lair:1   | Noticed a skyshark
  9871 | Lair:1   | Killed a skyshark
 10037 | Lair:1   | Reached XP level 12. HP: 115/115 MP: 11/11
 10500 | Lair:2   | Found a staircase to the Shoals.
 10618 | Lair:2   | Reached skill level 10 in Armour
 10803 | Lair:2   | Noticed a six-headed hydra
 10808 | Lair:2   | Killed a four-headed hydra
 11802 | Lair:3   | Reached skill level 15 in Fighting
 11808 | Lair:3   | Reached XP level 13. HP: 126/126 MP: 12/12
 11814 | Lair:3   | Reached skill level 1 in Shields
 11828 | Lair:3   | Reached ****** piety under Trog
 12104 | Lair:3   | Found a staircase to the Snake Pit.
 12488 | Lair:3   | Upgraded the game from 0.30.1-9-gdf580d7c3d to
                  | 0.30.1-10-g1249ef9ec4
 12960 | Lair:4   | Found a blossoming altar of Fedhas.
 13432 | Lair:5   | Entered Level 5 of the Lair of Beasts
 13870 | Lair:5   | Received a gift from Trog
 13871 | Lair:5   | Reached skill level 5 in Shields
 13910 | Lair:5   | Found a burning altar of Makhleb.
 13960 | Lair:5   | Found a gateway to Hell.
 14040 | Lair:5   | Found a viscous altar of Jiyva.
 14040 | Lair:5   | Found a staircase to the Slime Pits.
 15084 | D:11     | Reached XP level 14. HP: 143/143 MP: 13/13
 15161 | D:11     | Noticed a tengu reaver
 15163 | D:11     | Found a runed translucent door.
 15786 | D:12     | Reached skill level 10 in Shields
 15856 | D:12     | Received a gift from Trog
 15856 | D:12     | Found the +16 obsidian axe {drain, demonic, Mesm Drain Fly
                  | SInv}
 16253 | D:12     | Found a staircase to the Orcish Mines.
 16672 | Orc:1    | Entered Level 1 of the Orcish Mines
 16762 | Orc:1    | Received a gift from Trog
 17192 | Orc:2    | Entered Level 2 of the Orcish Mines
 17194 | Orc:2    | Found Urghaune's Assorted Antiques.
 17203 | Orc:2    | Bought a wand of flame (5) for 73 gold pieces
 17245 | Orc:2    | Noticed an orc warlord
 17265 | Orc:2    | Killed an orc warlord
 17293 | Orc:2    | Found a staircase to the Elven Halls.
 17342 | Orc:2    | Gained mutation: Your body sometimes deteriorates upon
                  | taking damage. [a neqoxec]
 17759 | Orc:2    | Found Rohaa's Magic Scroll Boutique.
 17761 | Orc:2    | Found Okov's Magic Scroll Shop.
 17771 | Orc:2    | Identified the +7 executioner's axe "Odeid" {heavy, Contam
                  | Will+ Dex+4} (Trog gifted it to you on level 2 of the
                  | Orcish Mines)
 17771 | Orc:2    | Received a gift from Trog
 17807 | Orc:2    | Bought a scroll of teleportation for 51 gold pieces
 17807 | Orc:2    | Bought a scroll of teleportation for 51 gold pieces
 17807 | Orc:2    | Bought a scroll of silence for 161 gold pieces
 17809 | Orc:2    | Bought a scroll of teleportation for 48 gold pieces
 17809 | Orc:2    | Bought 2 scrolls of enchant armour for 240 gold pieces
 17944 | Orc:2    | Reached skill level 15 in Shields
 17956 | Orc:2    | Reached XP level 15. HP: 85/149 MP: 14/14
 18021 | Orc:2    | Found Fazi Tak's Book Emporium.
 18021 | Orc:2    | Found a one-way gate leading to the halls of Pandemonium.
 18021 | Orc:2    | Found Hakanemo's Antique Armour Shoppe.
 18463 | Orc:1    | Received a gift from Trog
 18685 | Shoals:1 | Entered Level 1 of the Shoals
 18867 | Shoals:1 | Found a transporter.
 18869 | Shoals:1 | Found a transporter.
 18870 | Shoals:1 | Noticed Yxtoz's ghost (journeyman DrBe)
 18870 | Shoals:1 | Found the ring of the Octopus King
 19137 | Shoals:1 | Noticed a titan
 19164 | Shoals:1 | Killed a titan
 19177 | Shoals:1 | Identified the +1 longbow of Bread {antimagic, rElec rC-
                  | rN+}
 19268 | Shoals:1 | Noticed Louise
 19282 | Shoals:1 | Killed Louise
 19964 | Shoals:2 | Acquired a manual of Evocations
 20083 | Shoals:2 | Noticed Aizul
 20096 | Shoals:2 | Killed Aizul
 20254 | Shoals:2 | Identified the +5 rapier of the Beast {heavy, *Noise +Blink
                  | Dex+2} (Trog gifted it to you on level 2 of the Shoals)
 20254 | Shoals:2 | Received a gift from Trog
 21215 | Shoals:3 | Reached XP level 16. HP: 153/155 MP: 15/15
 21297 | Shoals:4 | Entered Level 4 of the Shoals
 21297 | Shoals:4 | Noticed Mara
 21339 | Shoals:4 | Reached skill level 5 in Dodging
 21377 | Shoals:4 | Killed from afar by a merfolk aquamancer

Illustrated notes

Levels and vault maps discovered:
D:1:      minmay_arrival_split_and_join, layout_loops_ring,
          minmay_misc_feat_rows
D:2:      layout_basic, hex_medium, kennysheep_generic_room_8, uniq_terence
D:3:      layout_rooms, serial_shops, shop, nicolae_titane, uniq_jessica,
          uniq_sigmund
D:4:      dreamdust_elfheim, layout_layer_cave, temple_fountains,
          nicolae_ossuary_entry_giza, minmay_circle_x
D:5:      layout_cave_pods, mainiacjoe_overflow_tiny_flanked,
          uniq_prince_ribbit1
D:6:      layout_basic, nicolae_uskayaw_suspiria, kennysheep_small_spiral
D:7:      layout_gridville, serial_shops, shop_statue, mrwooster_statue_mirror
D:8:      layout_basic, nicolae_ashenzari_skybound,
          fedhas_bush_and_centaur_altar, elyvilon_altar_1
D:9:      layout_basic, kennysheep_little_box, mainiacjoe_overflow_divided_tiny,
          david_lair_shrubbed, uniq_joseph
D:10:     layout_cave_pools, chequers_temple_overflow_statue_of_worship,
          serial_gnoll_camp, gnoll_camp_mini_loothouse, gnoll_camp_medium_02,
          gnoll_camp_mini_hut, gnoll_camp_mini_hut, nicolae_shop_fire_sale
          [nicolae_sub_dead_trees], nicolae_elevator_lobby_plus
D:11:     layout_rooms, minmay_st_funbox, roderic_lattice_a
D:12:     nzn_winding_woodlands_cross [nzn_winding_woodlands_5x15_split_checker,
          nzn_winding_woodlands_5x15_twine, nzn_winding_woodlands_5x15_crooked,
          nzn_winding_woodlands_5x15_parted,
          nzn_winding_woodlands_15x15_killbox], layout_loops_cross,
          hiddenorc1_lemuel
Lair:1:   layout_gridlike, serial_bayou, serial_bayou_shore_a,
          serial_bayou_pond_b, serial_bayou_pond_c, serial_bayou_pond_e
Lair:2:   layout_hall_layers, shoals_dummy_entry, serial_bayou_shore_b
Lair:3:   layout_layer_cave, minmay_snake_entry_guardpost_medium,
          grunt_megastairs_5
Lair:4:   layout_cave_shapes, hangedman_tree_tricks,
          dreamdust_deal_with_the_devil
Lair:5:   evil_forest, layout_gridlike, nicolae_slime_entry_slimehenge,
          infiniplex_staircase_pool
Shoals:1: cheibrodos_shoals_gigantism, layout_shoals, ebering_ghost_davey_jones,
          uniq_louise
Shoals:2: layout_shoals, uniq_aizul
Shoals:3: layout_shoals, nicolae_shoals_spectral_cove
Shoals:4: shoals_end_grunt_ice, layout_shoals, uniq_mara
Orc:1:    layout_caves, elves_outpost_lemuel
Orc:2:    pf_orc_diabolical, layout_diamond_mine, serial_shops, shop_statue,
          nicolae_orc_stony_grotto

Skill      XL: |  1  2  3  4  5  6  7  8  9 10 11 12 13 14 15 16 |
---------------+-------------------------------------------------+-----
Fighting       | 4 5 6 7 8 9 11 13 15 18 | 18.1
Axes           | 4 6 8 9 11 13 15 16 | 16.7
Evocations     | 3 4 5 9 |  9.8
Armour         | 7 13 | 13.4
Shields        | 7 15 18 | 18.0
Dodging        | 4 5 |  5.2
Stealth        | |  0.7

Action                     |  1- 3 |  4- 6 |  7- 9 | 10-12 | 13-15 | 16-18 || total
---------------------------+-------+-------+-------+-------+-------+-------++-------
  Melee: Hand axe          |    15 |       |       |       |       |       ||    15
         Headbutt          |    14 |    25 |    32 |    86 |   165 |    10 ||   332
         War axe           |    72 |   155 |   168 |   406 |   842 |    28 ||  1671
         Punch             |     2 |       |       |       |       |       ||     2
  Throw: Boomerang         |       |       |       |    20 |    51 |       ||    71
 Invoke: Berserk           |       |     2 |     3 |     3 |     2 |       ||    10
         Trog's Hand       |       |     2 |       |       |     5 |     1 ||     8
         Brothers in Arms  |       |       |       |       |     4 |     1 ||     5
  Evoke: Wand              |       |       |     1 |     3 |     8 |       ||    12
    Use: Potion            |     1 |     2 |     3 |     1 |     7 |     2 ||    16
         Scroll            |       |     8 |     8 |     7 |     3 |       ||    26
   Stab: Distracted        |       |       |       |       |     2 |       ||     2
 Armour: Animal skin       |     5 |       |       |       |       |       ||     5
         Chain mail        |    41 |    68 |    78 |   172 |   322 |    29 ||   710
  Dodge: Dodged            |    39 |    45 |    81 |   145 |   418 |    50 ||   778
  Block: Buckler           |       |       |    19 |    31 |   234 |    31 ||   315
         Reflection        |       |       |     1 |       |    24 |       ||    25
